 Dungeon Crawl Stone Soup version 0.22.1-2-g9c5b331 (webtiles) character file.

706491 JeffiDaFish the Conqueror (level 27, -1/179 HPs)
             Began as a Gargoyle Fighter on Nov 29, 2018.
             Was the Champion of Okawaru.
             Slain by a moth of wrath (2 damage)
             ... on level 5 of the Realm of Zot on Nov 30, 2018.
             The game lasted 03:07:19 (68429 turns).

JeffiDaFish the Conqueror (Gargoyle Fighter)       Turns: 68429, Time: 03:07:22

Health: -1/179     AC: 64    Str: 44    XL:     27
Magic:  29/29      EV: 18    Int: 12    God:    Okawaru [******]
Gold:   2966       SH: 37    Dex: 18    Spells: 26/26 levels left

rFire    + + .     SeeInvis +   N - +9 demon whip (vamp)
rCold    + + .     Gourm    .   x - +7 large shield of the Land of Plenty {MR- Str+3 Dex+7}
rNeg     + . .     Faith    .   J - +6 gold dragon scales
rPois    ∞         Spirit   .   u - +1 helmet of Bad Feelings {rC+ MP+9 Int+2}
rElec    +         Reflect  .   t - +1 cloak of the Merchant {Str+7}
rCorr    .         Harm     .   P - +3 pair of gauntlets of War {Slay+5}
MR       +....                  z - +2 pair of boots
Stlth    ..........             H - amulet of the acrobat
HPRegen  0.79/turn              c - +5 ring of slaying
MPRegen  0.21/turn              r - ring "Itsu" {rPois rF+ Str+2 SInv}

@: about to teleport, flying
A: big wings, hooves 1, icy blue scales 1, thin metallic scales 1, blurry vision
2, deformed body, frail 1, low mp 1, negative energy resistance 1, sense
surroundings 1, regeneration 1, electricity resistance, strong 1, unbreathing,
petrification resistance, rot immunity, subdued magic 1, AC +20
}: 5/15 runes: decaying, serpentine, slimy, silver, abyssal
a: Stop Flying, Heroism, Finesse, Renounce Religion


You were on level 5 of the Realm of Zot.
You worshipped Okawaru.
Okawaru was exalted by your worship.
You were hungry.

You visited 11 branches of the dungeon, and saw 55 of its levels.
You visited the Abyss 3 times.
You visited 1 bazaar.
You also visited: Labyrinth, Wizlab and Desolation.

You collected 8203 gold pieces.
You spent 5237 gold pieces at shops.

Inventory:

Hand Weapons
 w - the +8 morningstar "String" {protect, MR++ Int+3 Dex+4}
   (You found it on level 3 of the Vaults)

   It protects the one who uses it against injury (+AC on strike).
   It affects your intelligence (+3).
   It affects your dexterity (+4).
   It affects your resistance to hostile enchantments.
 N - a +9 vampiric demon whip (weapon)
Armour
 t - the +1 cloak of the Merchant (worn) {Str+7}
   (Okawaru gifted it to you on level 4 of the Swamp)

   It affects your strength (+7).
 u - the +1 helmet of Bad Feelings (worn) {rC+ MP+9 Int+2}
   (You acquired it on level 7 of the Dungeon)

   It affects your intelligence (+2).
   It protects you from cold.
   It affects your magic capacity (+9).
 x - the +7 large shield of the Land of Plenty (worn) {MR- Str+3 Dex+7}
   (You acquired it on level 5 of the Vaults)

   It affects your strength (+3).
   It affects your dexterity (+7).
   It affects your resistance to hostile enchantments.
 z - a +2 pair of boots (worn)
 F - a scarf of resistance
 J - +6 gold dragon scales (worn)
 P - the +3 pair of gauntlets of War (worn) {Slay+5}
   (You found it on level 1 of the Orcish Mines)

   It affects your accuracy and damage with ranged weapons and melee attacks
   (+5).
Jewellery
 c - a +5 ring of slaying (left hand)
 k - an uncursed ring of resist corrosion
 l - a +6 ring of protection
 r - the ring "Itsu" (right hand) {rPois rF+ Str+2 SInv}
   (You found it on level 2 of the Swamp)

   [ring of see invisible]

   It affects your strength (+2).
   It protects you from fire.
   It protects you from poison.
   It lets you see invisible.
 H - an amulet of the acrobat (around neck)
 O - the ring of Wyoplyma {rN+ MR+ Stlth+}
   (You took it off an orc on level 11 of the Dungeon)

   [ring of stealth]

   It protects you from negative energy.
   It affects your resistance to hostile enchantments.
   It makes you more stealthy.
 S - the ring "Irerphaco" {rElec rF+ rC+ Dex+4}
   (You found it on level 3 of the Vaults)

   [ring of protection from cold]

   It affects your dexterity (+4).
   It protects you from fire.
   It protects you from cold.
   It insulates you from electricity.
Wands
 m - a wand of digging (23)
 R - a wand of clouds (8)
Scrolls
 a - 8 scrolls of amnesia
 b - 3 scrolls of holy word
 e - 13 scrolls of identify
 g - 22 scrolls of remove curse
 h - 10 scrolls of fear
 i - 22 scrolls of teleportation
 j - 2 scrolls of enchant weapon
 p - 6 scrolls of magic mapping
 q - 2 scrolls of brand weapon
 s - 9 scrolls of fog
 y - 4 scrolls of silence
 G - a scroll of enchant armour
 T - 6 scrolls of blinking
 U - a scroll of acquirement
Potions
 d - 6 potions of might
 n - 12 potions of agility
 o - 6 potions of haste
 v - 2 potions of cancellation
 A - 14 potions of curing
 C - 4 potions of resistance
 D - 5 potions of magic
 E - a potion of brilliance
 K - a potion of berserk rage
 L - a potion of invisibility
 M - 3 potions of mutation
 Q - 8 potions of heal wounds
Comestibles
 f - 82 rations


   Skills:
 O Level 27 Fighting
 + Level 24.7 Maces & Flails
 + Level 23.4 Armour
 + Level 13.6 Dodging
 - Level 0.1 Stealth
 * Level 24.7 Shields


You had 26 spell levels left.
You didn't know any spells.
Your spell library contained the following spells:

 Spells                   Type           Power        Failure   Level  Hunger
 Animate Skeleton         Necr           N/A          77%         1    ##.....
 Apportation              Tloc           #.....       77%         1    ##.....
 Confusing Touch          Hex            #.....       77%         1    ##.....
 Flame Tongue             Conj/Fire      #....        77%         1    ##.....
 Infusion                 Chrm           #...         77%         1    ##.....
 Magic Dart               Conj           #...         77%         1    ##.....
 Pain                     Necr           #...         77%         1    ##.....
 Shock                    Conj/Air       #...         77%         1    ##.....
 Sting                    Conj/Pois      #...         77%         1    ##.....
 Summon Butterflies       Summ           #.......     77%         1    ##.....
 Blink                    Tloc           N/A          88%         2    ###....
 Call Imp                 Summ           #.......     88%         2    ###....
 Corpse Rot               Necr           N/A          88%         2    ###....
 Poisonous Vapours        Pois/Air       #.....       88%         2    ###....
 Searing Ray              Conj           #.....       88%         2    ###....
 Shroud of Golubria       Chrm/Tloc      #.........   88%         2    ###....
 Slow                     Hex            #.......     88%         2    ###....
 Song of Slaying          Chrm           #.......     88%         2    ###....
 Swiftness                Chrm/Air       #.......     88%         2    ###....
 Throw Flame              Conj/Fire      #.....       88%         2    ###....
 Throw Frost              Conj/Ice       #.....       88%         2    ###....
 Confuse                  Hex            #.......     98%         3    ####...
 Conjure Flame            Conj/Fire      #.......     98%         3    ####...
 Dazzling Spray           Conj/Hex       #.....       98%         3    ####...
 Gell's Gravitas          Tloc           #.........   98%         3    ####...
 Ignite Poison            Fire/Tmut/Pois #.......     98%         3    ####...
 Inner Flame              Hex/Fire       #.......     98%         3    ####...
 Lesser Beckoning         Tloc           #.........   98%         3    ####...
 Mephitic Cloud           Conj/Pois/Air  #.......     98%         3    ####...
 Recall                   Summ/Tloc      N/A          98%         3    ####...
 Regeneration             Chrm/Necr      #.........   98%         3    ####...
 Spectral Weapon          Hex/Chrm       #.......     98%         3    ####...
 Static Discharge         Conj/Air       #.......     98%         3    ####...
 Stone Arrow              Conj/Erth      #.....       98%         3    ####...
 Summon Guardian Golem    Hex/Summ       #.......     98%         3    ####...
 Tukima's Dance           Hex            #.......     98%         3    ####...
 Vampiric Draining        Necr           #.........   98%         3    ####...
 Airstrike                Air            #.........   100%        4    #####..
 Animate Dead             Necr           N/A          100%        4    #####..
 Cause Fear               Hex            #.........   100%        4    #####..
 Force Lance              Conj/Tloc      #.......     100%        4    #####..
 Fulminant Prism          Conj/Hex       #.........   100%        4    #####..
 Iskenderun's Mystic Bla  Conj           #.......     100%        4    #####..
 Leda's Liquefaction      Hex/Erth       #.........   100%        4    #####..
 Olgreb's Toxic Radiance  Pois           #.......     100%        4    #####..
 Petrify                  Tmut/Erth      #.......     100%        4    #####..
 Sticky Flame             Conj/Fire      #.......     100%        4    #####..
 Alistair's Intoxication  Tmut/Pois      #.......     100%        5    ######.
 Aura of Abjuration       Summ           #.........   100%        5    ######.
 Bolt of Magma            Conj/Fire/Erth #.........   100%        5    ######.
 Fireball                 Conj/Fire      #.........   100%        5    ######.
 Irradiate                Conj/Tmut      #.........   100%        5    ######.
 Iskenderun's Battlesphe  Conj/Chrm      #.......     100%        5    ######.
 Lightning Bolt           Conj/Air       #.........   100%        5    ######.
 Metabolic Englaciation   Hex/Ice        #.........   100%        5    ######.
 Summon Demon             Summ           #.........   100%        5    ######.
 Summon Forest            Summ/Tloc      #.........   100%        5    ######.
 Summon Mana Viper        Hex/Summ       #.......     100%        5    ######.
 Venom Bolt               Conj/Pois      #.........   100%        5    ######.
 Yara's Violent Unravell  Hex/Tmut       #.........   100%        5    ######.
 Bolt of Fire             Conj/Fire      #.........   100%        6    #######
 Death Channel            Necr           #.........   100%        6    #######
 Freezing Cloud           Conj/Ice/Air   #.........   100%        6    #######
 Hydra Form               Tmut           #.........   100%        6    #######
 Invisibility             Hex            #.......     100%        6    #######
 Iron Shot                Conj/Erth      #.........   100%        6    #######
 Poison Arrow             Conj/Pois      #.........   100%        6    #######
 Shadow Creatures         Summ           N/A          100%        6    #######
 Dragon Form              Tmut           #.........   100%        7    #######
 Haunt                    Necr/Summ      #.........   100%        7    #######
 Orb of Destruction       Conj           #.........   100%        7    #######
 Ring of Flames           Chrm/Fire      #.........   100%        7    #######
 Spellforged Servitor     Conj/Summ      #.........   100%        7    #######
 Summon Hydra             Summ           #.........   100%        7    #######
 Borgnjor's Revivificati  Necr           #.........   100%        8    #######
 Chain Lightning          Conj/Air       #.........   100%        8    #######
 Death's Door             Chrm/Necr      #.........   100%        8    #######
 Ignition                 Fire           #.........   100%        8    #######
 Infestation              Necr           #.........   100%        8    #######
 Lehudib's Crystal Spear  Conj/Erth      #.........   100%        8    #######
 Necromutation            Tmut/Necr      #.........   100%        8    #######
 Dragon's Call            Summ           #.........   100%        9    #######
 Fire Storm               Conj/Fire      #.........   100%        9    #######
 Glaciate                 Conj/Ice       #.........   100%        9    #######
 Shatter                  Erth           #.........   100%        9    #######
 Tornado                  Air            #.........   100%        9    #######
 Sublimation of Blood     Necr           Unusable     N/A         2    N/A

Dungeon Overview and Level Annotations

Branches:
Dungeon (15/15)            Temple (1/1) D:7            Lair (6/6) D:8
  Swamp (4/4) Lair:3        Snake (4/4) Lair:2        Slime (5/5) Lair:6
    Orc (2/2) D:11            Elf (3/3) Orc:2        Vaults (5/5) D:13
  Crypt (0/3) Vaults:2     Depths (5/5) D:15            Zot (5/5) Depths:5

Altars:
Ashenzari
Cheibriados
Elyvilon
Fedhas
Gozag
Hepliaklqana
Kikubaaqudgha
Makhleb
Nemelex Xobeh
Okawaru
Sif Muna
Trog
Uskayaw
Vehumet
Xom
Yredelemnul
Zin
Beogh
Jiyva

Shops:
D:7 *:?(   D:8 [   D:11 [(   Orc:2 [[*}   Elf:1 *(%=[   Elf:2 (   Snake:1 [%[}
Vaults:1 *   Vaults:3 *   Vaults:5 [[   Depths:1 =**?

Portals:
Hell: Depths:1 Depths:2 Depths:3 Depths:4 Depths:5
Abyss: Depths:1 Depths:4 Depths:5
Pandemonium: Depths:3
Ziggurat: Depths:1
Trove: D:13 (give +4 ice dragon scales)

Annotations:
D:4 3 runed doors, shamaniam's ghost, amateur TrFi
D:10 exclusion: orange crystal statue
Lair:1 exclusion: oklob plant
Lair:5 2 transporters
Zot:2 1 runed door, Pyllapis's ghost, legendary DEFE


Innate Abilities, Weirdness & Mutations

You are resistant to torment.
Your stone body is resilient. (AC +20)
You are immune to poison.
Your large and strong wings let you fly indefinitely.
You resist negative energy. (rN+)
You are resistant to electric shocks. (rElec)
You can survive without breathing.
You are immune to petrification.
You are immune to rotting.
You have large cloven feet.
You are partially covered in icy blue scales. (AC +2)
You are partially covered in thin metallic scales. (AC +2)
Scrolls take you longer to read.
Armour fits poorly on your strangely shaped body.
You are frail. (-10% HP)
Your magical capacity is low. (-10% MP)
You passively map a small area around you.
Your natural rate of healing is unusually fast.
Your muscles are strong. (Str +2)
Your spells are a little easier to cast, but a little less powerful.


Message History

The electric golem crackles and sizzles.
The Killer Klown completely misses you.
You hit the Orb Guardian.
You feel better.
The Orb Guardian is almost dead.
You block the quicksilver dragon's attack. x2
You block the Orb Guardian's attack.
You hear a loud "Zot"!
The purple draconian hits you with a halberd!
* * * LOW HITPOINT WARNING * * *
You block the moth of wrath's attack. The Orb Guardian barely misses you.
The electric golem blinks!
The Killer Klown misses you. The Killer Klown barely misses you.
Okay, then.
You whack the Orb Guardian!
The Orb Guardian is almost dead.
The Orb Guardian hits you but does no damage.
You block the Orb Guardian's attack.
You block the purple draconian's attack.
The moth of wrath bites you.
You die...

* * ▓▓▓.............
▓▓........8...... ,
▓................ *
▓................ ,
▓................ ,
, ,
.▓................ *
.......^.XpX§..(.. ,
▓.......X@dy..... *
, ,
▓.......pyXz.....
▓........D^L/.... *
#........§..D.... ,
##...........y^..
##▓.............
▓▓▓▓..............
#▓▓▓▓▓▓▓▓▓▓▓##.....▓
###..^^...... ....z#


You could see 2 Killer Klowns, an electric golem, a shadow dragon, a tentacled
monstrosity, an ancient lich, a purple draconian (berserk), a death cob, a
quicksilver dragon (berserk), 3 Orb Guardians and 3 moths of wrath.

Vanquished Creatures
  the Royal Jelly (Slime:5)
  4 ancient liches
  2 orbs of fire (Zot:5)
  2 juggernauts
  Sojobo (Vaults:4)
  Saint Roka (Elf:3)
  A curse toe (Zot:1)
  A Killer Klown (Zot:2)
  Jory (Vaults:3)
  A profane servitor (Abyss:3)
  9 golden dragons
  An electric golem (Zot:1)
  2 hellephants (Abyss:3)
  3 liches
  17 tentacled monstrosities
  6 titans
  3 deep elf blademasters
  12 Orb Guardians (Zot:5)
  9 quicksilver dragons
  23 acid blobs
  3 deep elf master archers (Elf:3)
  9 death cobs
  5 sphinxes
  A tentacled starspawn (Abyss:3)
  7 nagarajas (Snake:4)
  5 draconian monks
  11 shadow dragons
  8 storm dragons
  2 thorn hunters (Swamp:4)
  16 azure jellies
  8 tengu reavers
  3 iron dragons
  13 deep elf sorcerers
  12 frost giants
  An orc warlord (D:11)
  12 fire giants
  A ghost moth (shapeshifter) (Depths:1)
  6 draconian scorchers
  3 draconian shifters
  5 draconian knights
  3 deep elf elementalists (Elf:3)
  2 ghost moths
  Louise (Snake:4)
  9 vault wardens
  21 very ugly things
  An angel (Abyss:3)
  A ghoul (Vaults:4)
  3 draconian stormcallers
  13 ironheart preservers
  23 stone giants
  4 draconian annihilators
  3 spriggan defenders
  A war gargoyle (Vaults:5)
  An entropy weaver (Vaults:3)
  6 deep elf demonologists
  14 deep elf annihilators
  13 black draconians
  3 vampire knights
  12 purple draconians
  29 spark wasps
  12 green draconians
  A minotaur (Lab)
  12 white draconians
  11 yellow draconians
  The ghost of Jiclos the Blocker, a journeyman MiBe of Trog (D:11)
  8 red draconians
  6 ettins
  7 deep elf death magi
  3 jiangshi (Depths:3)
  5 fire dragons
  9 death oozes (Slime:5)
  3 mummy priests (WizLab)
  17 yaktaur captains
  The ghost of shamaniam the Grappler, a journeyman TrTm of Ru (D:11)
  Erolcha (D:10)
  17 great orbs of eyes
  7 deep elf high priests
  7 ogre magi
  2 ragged hierophants (Desolation)
  7 rakshasas
  24 vault guards
  21 naga warriors
  Harold (D:8)
  30 hydras
  A ghost crab (Swamp:3)
  11 anacondas
  A catoblepas (Lair:3)
  Erica (Lair:1)
  11 ice dragons
  A caustic shrike simulacrum (Depths:1)
  6 spriggan air magi
  4 centaur warriors
  An anaconda (shapeshifter) (Depths:5)
  A peacekeeper (Desolation)
  3 death knights
  26 dancing weapons
  12 death yaks
  32 two-headed ogres
  2 deep troll shamans (Depths:2)
  16 alligators
  An alligator (shapeshifter) (Vaults:5)
  2 vampire magi
  4 deep troll earth magi
  15 naga sharpshooters
  3 hell hogs (Abyss:3)
  8 spriggan berserkers
  6 tengu warriors
  5 thrashing horrors (Abyss:3)
  2 sun demons
  7 orc high priests
  2 soul eaters (Depths:1)
  Sonja (Orc:1)
  7 shock serpents
  Nergalle (Lair:3)
  5 hell knights (Depths:5)
  21 deep elf knights
  2 spatial maelstroms
  A death drake (shapeshifter) (Depths:3)
  7 wretched stars (Abyss:3)
  A shadow wraith (Abyss:3)
  3 sixfirhies (Abyss:3)
  24 skeletal warriors
  6 wizards
  4 salamander mystics
  5 spriggan druids
  4 flayed ghosts
  16 swamp dragons
  11 deep trolls
  9 naga ritualists
  7 unseen horrors
  3 unseen horrors (shapeshifter)
  9 glowing orange brains
  A shadow demon (Depths:1)
  4 shambling mangroves
  A tengu zombie (Depths:1)
  19 deep elf archers
  A lindwurm (Lair:6)
  An obsidian statue (Depths:1)
  Pikel (D:7)
  13 phantasmal warriors
  6 necromancers
  73 deep elf magi
  A lindwurm (shapeshifter) (Vaults:1)
  6 harpies
  16 ironbrand convokers
  14 orc knights
  An orb spider (shapeshifter) (D:15)
  A shadow dragon zombie (Depths:1)
  2 sphinx zombies
  An oklob plant (Lair:2)
  A salamander (shapeshifter) (Elf:1)
  9 mana vipers
  6 cyclopes
  60 ugly things
  7 orc sorcerers
  2 manticores
  11 shining eyes
  A stone giant zombie (D:15)
  5 wolf spiders
  96 slime creatures
  A worldbinder (Abyss:3)
  12 vault sentinels
  9 elephants
  2 elephants (shapeshifter)
  A rust devil (Abyss:3)
  21 moths of wrath
  The ghost of shamaniam the Ruffian, a novice TrHu (D:5)
  2 demonspawn zombies (WizLab)
  An apocalypse crab (Abyss:3)
  15 salamanders
  A black mamba (shapeshifter) (D:15)
  An ice statue (Abyss:5)
  3 fire giant zombies
  8 guardian serpents
  27 black mambas
  14 naga magi
  A guardian serpent (shapeshifter) (Elf:1)
  16 spiny frogs
  A stone giant skeleton (Vaults:1)
  3 orange demons (Depths:1)
  4 centaur skeletons
  3 smoke demons (Abyss:3)
  A water nymph (shapeshifter) (Depths:2)
  A torpor snail (shapeshifter) (Vaults:1)
  4 eyes of devastation
  3 gargoyles
  5 torpor snails (Lair:6)
  75 yaktaurs
  6 rime drakes
  A rime drake (shapeshifter) (Vaults:5)
  13 freezing wraiths
  2 yaktaurs (shapeshifter)
  A redback zombie (D:15)
  An efreet (Abyss:3)
  12 komodo dragons
  2 yaktaur zombies
  A minotaur skeleton (Lab)
  2 red devils (Depths:1)
  3 kobold demonologists (D:15)
  9 ancient zymes
  7 tengu conjurers
  3 ice devils (Depths:1)
  4 guardian mummies
  A queen bee (Abyss:3)
  A troll (shapeshifter) (Depths:5)
  A polar bear (shapeshifter) (Vaults:5)
  2 wind drakes (shapeshifter)
  7 trolls
  3 polar bears
  A merfolk (shapeshifter) (Depths:3)
  A tengu simulacrum (Vaults:2)
  38 hornets
  6 raiju
  A wolf spider simulacrum (D:13)
  6 meliai
  3 spriggan zombies (WizLab)
  7 bog bodies
  A shadow dragon simulacrum (Vaults:4)
  11 tyrant leeches
  3 saltlings (Desolation)
  A fire dragon zombie (WizLab)
  9 hippogriffs
  28 blink frogs
  A hippogriff (shapeshifter) (Depths:2)
  An ettin zombie (D:15)
  10 water elementals
  2 ice dragon skeletons
  A centaur simulacrum (D:13)
  A flying skull (Vaults:3)
  A redback (shapeshifter) (D:11)
  21 spriggans
  5 wraiths
  An air elemental (Elf:2)
  3 shadows
  8 wyverns
  12 large abominations
  2 tarantellas (shapeshifter)
  4 ynoxinuls (Abyss:3)
  5 chaos spawn
  59 yaks
  5 basilisks
  Grum (D:9)
  2 hungry ghosts
  2 fire elementals
  A neqoxec (Abyss:2)
  32 vampire mosquitoes
  A yaktaur simulacrum (Vaults:2)
  13 golden eyes
  2 steam dragons
  3 spatial vortices (Abyss:2)
  Edmund (D:4)
  14 swamp worms
  5 wargs
  3 insubstantial wisps (Swamp:2)
  73 nagas
  2 floating eyes
  8 water moccasins
  4 acid dragons
  6 porcupines
  8 small abominations
  48 orc warriors
  15 swamp drakes
  A hornet zombie (Vaults:1)
  3 sky beasts
  An orc zombie (Vaults:2)
  21 starcursed masses
  An elf zombie (Vaults:1)
  A necrophage (D:11)
  4 black bears
  A black bear (shapeshifter) (Vaults:3)
  12 eyes of draining
  4 phantoms
  21 wolves
  2 human zombies
  8 ice beasts
  24 ogres
  11 boggarts
  An ice dragon simulacrum (Depths:1)
  12 centaurs
  17 crocodiles
  An elf simulacrum (Vaults:1)
  5 big kobolds
  A bullfrog (shapeshifter) (Depths:5)
  22 bullfrogs
  5 earth elementals
  A yaktaur skeleton (Vaults:1)
  A wyvern skeleton (D:13)
  A raiju zombie (WizLab)
  3 scorpions
  3 killer bees (Abyss:3)
  8 wights (D:8)
  4 electric eels (D:13)
  3 howler monkeys
  9 crimson imps
  4 quasits
  A bullfrog zombie (D:11)
  3 centaur zombies
  2 human simulacra (Vaults:3)
  5 iron imps
  6 hounds
  9 jellies
  3 bullfrog skeletons
  12 human skeletons
  7 iguanas
  22 orc priests
  28 orc wizards
  11 worker ants
  5 hell rats (Lair:3)
  2 hound skeletons
  A worker ant zombie (D:9)
  7 gnolls
  16 adders
  2 howler monkey skeletons
  5 shadow imps
  9 white imps
  4 ufetubi
  2 oozes
  2 adder skeletons
  3 worms
  3 dart slugs
  7 leopard geckos
  115 orcs
  6 giant cockroaches
  7 goblins
  9 hobgoblins
  5 jackals
  4 quokkas
  A ball python skeleton (D:4)
  12 bats
  6 frilled lizards
  32 kobolds
  A leopard gecko skeleton (D:8)
  5 rats
  2 crawling corpses (Elf:3)
  2 plants
  A starspawn tentacle (Abyss:3)
2719 creatures vanquished.

Vanquished Creatures (others)
  A draconian knight (Zot:1)
  A draconian annihilator (Zot:2)
  A spark wasp (Depths:5)
  A spriggan berserker (Depths:4)
  A deep elf knight (Vaults:4)
  2 deep elf magi
  A floating eye (Depths:5)
  2 killer bees (Abyss:3)
  A jelly (D:9)
  A shadow imp (D:9)
  7 bushes (Abyss:2)
  A lurking horror (Abyss:3)
  11 plants
  2 starspawn tentacles (Abyss:3)
  12 withered plants (D:15)
45 creatures vanquished.

Grand Total: 2764 creatures vanquished

Notes
Turn   | Place    | Note
-------+----------+-------------------------------------------
     0 | D:1      | JeffiDaFish the Gargoyle Fighter began the quest for the
                  | Orb.
     0 | D:1      | Reached XP level 1. HP: 14/14 MP: 1/1
   316 | D:1      | Reached XP level 2. HP: 18/19 MP: 2/2
   701 | D:1      | Reached XP level 3. HP: 23/23 MP: 3/3
  1037 | D:2      | Reached XP level 4. HP: 9/28 MP: 4/4
  1401 | D:2      | Gained mutation: You expend magic power (3 MP) to
                  | strengthen your wands. [potion of mutation]
  1401 | D:2      | Gained mutation: You are partially covered in thin metallic
                  | scales. (AC +2) [potion of mutation]
  2081 | D:3      | Found a faded altar of an unknown god.
  2094 | D:3      | Reached XP level 5. HP: 29/32 MP: 5/5
  2458 | D:3      | Found a shimmering altar of Xom.
  2877 | D:4      | Found a runed gate.
  2878 | D:4      | Found a runed gate.
  2878 | D:4      | Found a runed gate.
  2888 | D:4      | Noticed shamaniam's ghost (amateur TrFi)
  2914 | D:4      | Reached skill level 5 in Shields
  2914 | D:4      | Reached XP level 6. HP: 38/38 MP: 6/6
  2975 | D:4      | Reached skill level 4 in Fighting
  3162 | D:4      | Noticed Edmund
  3191 | D:4      | Killed Edmund
  3191 | D:4      | Reached XP level 7. HP: 38/44 MP: 7/7
  3625 | D:5      | Entered Level 5 of the Dungeon
  3649 | D:5      | Reached skill level 5 in Armour
  3828 | D:5      | Found a transporter.
  3830 | D:5      | Noticed shamaniam's ghost (novice TrHu)
  3901 | D:5      | Found a transporter.
  3968 | D:5      | Reached skill level 5 in Fighting
  4567 | D:6      | Reached skill level 5 in Maces & Flails
  4567 | D:6      | Reached XP level 8. HP: 43/50 MP: 8/8
  4742 | D:6      | Reached skill level 6 in Fighting
  4915 | D:6      | Found a hide-covered altar of Uskayaw.
  5177 | D:7      | Noticed a hornet
  5199 | D:7      | Killed a hornet
  5199 | D:7      | Reached skill level 7 in Fighting
  5199 | D:7      | Reached XP level 9. HP: 39/57 MP: 9/9
  5211 | D:7      | Found Helixom's Magic Scroll Shoppe.
  5217 | D:7      | Bought a scroll of teleportation for 42 gold pieces
  5259 | D:7      | Found a staircase to the Ecumenical Temple.
  5264 | Temple   | Entered the Ecumenical Temple
  5330 | Temple   | Became a worshipper of Warmaster Okawaru
  5499 | D:7      | Found Jymais Ufri's Antique Weapon Emporium.
  5512 | D:7      | Bought a scorched flail for 221 gold pieces
  5512 | D:7      | Identified the +3 flail of Fate {protect, MP+9} (You bought
                  | it in a shop on level 7 of the Dungeon)
  5683 | D:7      | Found Paoradd's General Store.
  6046 | D:7      | Found Koghoyt's Book Emporium.
  6057 | D:7      | Noticed Pikel
  6078 | D:7      | Killed Pikel
  6078 | D:7      | Reached * piety under Okawaru
  6209 | D:7      | Reached skill level 8 in Fighting
  6281 | D:8      | Found a staircase to the Lair.
  6299 | D:8      | Found an opulent altar of Gozag.
  6307 | D:8      | Reached ** piety under Okawaru
  6440 | D:8      | Reached XP level 10. HP: 63/65 MP: 10/10
  6542 | D:8      | Found Tuopp's Armour Emporium.
  6583 | D:8      | Reached skill level 9 in Fighting
  6727 | D:8      | Reached *** piety under Okawaru
  6908 | D:8      | Noticed Harold
  6938 | D:8      | Killed Harold
  7290 | D:9      | Noticed a deep elf mage
  7314 | D:9      | Killed a deep elf mage
  7314 | D:9      | Reached **** piety under Okawaru
  7314 | D:9      | Reached skill level 10 in Fighting
  7565 | D:9      | Reached XP level 11. HP: 33/72 MP: 11/11
  7634 | D:9      | Noticed Grum
  7657 | D:9      | Killed Grum
  7912 | D:9      | Noticed a brown ugly thing
  8358 | D:9      | Reached ***** piety under Okawaru
  8541 | D:9      | Killed a brown ugly thing
  8814 | D:9      | Found a roughly hewn altar of Beogh.
  8822 | D:9      | Reached skill level 10 in Maces & Flails
  9023 | D:10     | Entered Level 10 of the Dungeon
  9118 | D:10     | Noticed Erolcha
  9137 | D:10     | Killed Erolcha
  9137 | D:10     | Reached skill level 11 in Fighting
  9454 | D:10     | Noticed an orange crystal statue
  9749 | D:10     | Killed an unseen horror
  9749 | D:10     | Received a gift from Okawaru
  9788 | D:11     | Noticed a death drake
  9791 | D:11     | a death drake changed into a redback
 10135 | D:11     | Found a labyrinth entrance.
 10141 | D:11     | Found a transporter.
 10144 | D:11     | Noticed shamaniam's ghost (journeyman TrTm)
 10146 | D:11     | Noticed a two-headed ogre
 10155 | Lab      | Entered a labyrinth
 10505 | Lab      | Noticed a minotaur
 10528 | Lab      | Killed a minotaur
 10528 | Lab      | Reached XP level 12. HP: 57/81 MP: 12/12
 10533 | Lab      | Identified the Disquisition on Ice and the Birds
 10534 | Lab      | Got a heavily runed silver ring
 10535 | Lab      | Got a slimy chain mail
 10536 | Lab      | Identified the cursed +0 chain mail of Hett {Dex+2} (You
                  | found it in a labyrinth)
 10538 | Lab      | Identified the ring "Jivoniy" {rN+ Str+2 Int+9 Dex-5} (You
                  | found it in a labyrinth)
 10563 | D:11     | Reached skill level 12 in Fighting
 10596 | D:11     | Noticed a two-headed ogre
 10933 | D:11     | Killed a two-headed ogre
 10985 | D:11     | Found Voysy's Weapon Shoppe.
 10985 | D:11     | Found a staircase to the Orcish Mines.
 11270 | D:11     | Found a shimmering altar of Xom.
 11296 | D:11     | Found Himoic's Armour Emporium.
 11328 | D:11     | Identified a scroll of acquirement
 11422 | D:11     | Noticed a two-headed ogre
 11424 | D:11     | Noticed a two-headed ogre
 11567 | Lair:1   | Entered Level 1 of the Lair of Beasts
 11585 | Lair:1   | Reached skill level 10 in Shields
 11837 | Lair:1   | Noticed Erica
 11861 | Lair:1   | Killed Erica
 11861 | Lair:1   | Reached ****** piety under Okawaru
 11890 | Lair:1   | Reached skill level 10 in Armour
 12060 | Lair:1   | Received a gift from Okawaru
 12536 | Lair:2   | Reached skill level 13 in Fighting
 12625 | Lair:2   | Noticed a six-headed hydra
 12638 | Lair:2   | Killed a six-headed hydra
 12771 | Lair:2   | Reached XP level 13. HP: 88/88 MP: 13/13
 13137 | Lair:2   | Received a gift from Okawaru
 13283 | Lair:2   | Found a staircase to the Snake Pit.
 13737 | Lair:3   | Found a staircase to the Swamp.
 13753 | Lair:3   | Noticed Nergalle
 13780 | Lair:3   | Killed Nergalle
 15160 | Lair:3   | Reached skill level 14 in Fighting
 16990 | Lair:5   | Found a transporter.
 17143 | Lair:5   | Gained mutation: Your large and strong wings let you fly
                  | indefinitely. [Gargoyle growth]
 17143 | Lair:5   | Reached XP level 14. HP: 95/96 MP: 14/14
 17165 | Lair:5   | Found a transporter.
 17402 | D:8      | Bought a +2 pair of gloves for 214 gold pieces
 17461 | D:7      | Bought a scroll of acquirement for 728 gold pieces
 17464 | D:7      | Got a spiked helmet
 17475 | D:7      | Identified the +1 helmet of Bad Feelings {rC+ MP+9 Int+2}
                  | (You acquired it on level 7 of the Dungeon)
 17634 | Lair:4   | Received a gift from Okawaru
 18687 | Lair:6   | Entered Level 6 of the Lair of Beasts
 19199 | Lair:6   | Reached skill level 15 in Fighting
 19377 | Lair:6   | Found a runed door.
 19377 | Lair:6   | Found a viscous altar of Jiyva.
 19378 | Lair:6   | Noticed an azure jelly
 19378 | Lair:6   | Noticed an azure jelly
 19382 | Lair:6   | Found a staircase to the Slime Pits.
 19382 | Lair:6   | Noticed an azure jelly
 19441 | Lair:6   | Received a gift from Okawaru
 19477 | Lair:6   | Got a pair of dazzling gloves {god gift}
 19488 | Lair:6   | Identified the +0 pair of gloves of Ennui {rElec rF+}
                  | (Okawaru gifted it to you on level 6 of the Lair of Beasts)
 20159 | Lair:6   | Found a runed door.
 21037 | Lair:6   | Reached XP level 15. HP: 62/104 MP: 15/15
 21871 | D:5      | Killed shamaniam's ghost
 22790 | D:13     | Reached skill level 16 in Fighting
 22859 | D:12     | Received a gift from Okawaru
 23160 | D:13     | Reached skill level 15 in Maces & Flails
 23243 | D:13     | Found a gate to the Vaults.
 23729 | D:13     | Found a portal to a secret trove of treasure.
 24517 | D:14     | Received a gift from Okawaru
 25305 | D:15     | Entered Level 15 of the Dungeon
 26408 | D:15     | Received a gift from Okawaru
 26568 | D:15     | Reached XP level 16. HP: 58/112 MP: 16/16
 27059 | D:15     | Reached skill level 17 in Fighting
 27827 | D:15     | Found a staircase to the Depths.
 28083 | Orc:1    | Entered Level 1 of the Orcish Mines
 28386 | Orc:1    | Found a runed gate.
 28386 | Orc:1    | Found a runed gate.
 28386 | Orc:1    | Found a runed gate.
 28419 | Orc:1    | Noticed Jiclos's ghost (journeyman MiBe)
 28707 | Orc:1    | Found a roughly hewn altar of Beogh.
 28708 | Orc:1    | Found the +3 pair of gauntlets of War {Slay+5}
 29119 | D:11     | Identified the +1 chain mail of Xelafyreni {rPois rC+} (You
                  | took it off an orc warlord on level 11 of the Dungeon)
 29151 | D:11     | Killed Jiclos's ghost
 29155 | D:11     | Got a translucent marble ring
 29238 | D:11     | Identified the ring of Wyoplyma {rN+ MR+ Stlth+} (You took
                  | it off an orc on level 11 of the Dungeon)
 29431 | Orc:1    | Identified the +0 helmet of Sif Muna's Pride {*Slow rPois
                  | rN++ Stlth+} (You found it on level 1 of the Orcish Mines)
 29473 | Orc:1    | Gained mutation: You are clumsy. (Dex -2) [a neqoxec]
 29537 | Orc:1    | Noticed Sonja
 29544 | Orc:1    | Killed Sonja
 29721 | Orc:2    | Entered Level 2 of the Orcish Mines
 29933 | Orc:2    | Found a staircase to the Elven Halls.
 30350 | Orc:2    | Received a gift from Okawaru
 31238 | Orc:2    | Found Lostryof's General Store.
 31242 | Orc:2    | Found Kaetz's Antique Armour Boutique.
 31246 | Orc:2    | Bought a scroll of enchant weapon for 127 gold pieces
 31246 | Orc:2    | Bought a scroll of enchant weapon for 127 gold pieces
 31250 | Orc:2    | Bought an encrusted plate armour for 812 gold pieces
 31250 | Orc:2    | Identified the +1 plate armour of Summertime {-Tele rC++
                  | Str+3} (You bought it in a shop on level 2 of the Orcish
                  | Mines)
 31252 | Orc:2    | Bought a bronze chain mail for 275 gold pieces
 31262 | Orc:2    | Identified the +3 chain mail of the True Pharaoh {Str+3}
                  | (You bought it in a shop on level 2 of the Orcish Mines)
 31262 | Orc:2    | Found Osazir's Armour Boutique.
 31264 | Orc:2    | Found Icve's Gadget Shoppe.
 31525 | Swamp:1  | Entered Level 1 of the Swamp
 31708 | Swamp:1  | Received a gift from Okawaru
 32520 | Swamp:2  | Reached skill level 18 in Fighting
 32538 | Swamp:2  | Got a shimmering lead ring
 32539 | Swamp:2  | Identified the ring "Itsu" {rPois rF+ Str+2 SInv} (You
                  | found it on level 2 of the Swamp)
 32562 | Swamp:2  | Reached XP level 17. HP: 115/119 MP: 17/17
 32642 | Swamp:2  | Received a gift from Okawaru
 34053 | Swamp:4  | Entered Level 4 of the Swamp
 34140 | Swamp:4  | Received a gift from Okawaru
 34937 | Swamp:4  | Reached skill level 19 in Fighting
 34975 | Swamp:4  | Reached XP level 18. HP: 121/128 MP: 18/18
 35255 | Swamp:4  | Got a decaying rune of Zot
 35424 | Swamp:4  | Received a gift from Okawaru
 35490 | Swamp:4  | Identified the +1 cloak of the Merchant {Str+7} (Okawaru
                  | gifted it to you on level 4 of the Swamp)
 35703 | Swamp:4  | Got a pair of dazzling boots
 35714 | Swamp:4  | Identified the +0 pair of boots "Uniru" {MR+} (You acquired
                  | it on level 4 of the Swamp)
 35902 | Snake:1  | Entered Level 1 of the Snake Pit
 36089 | Snake:1  | Reached skill level 15 in Shields
 36189 | Snake:1  | Found Zyfikk's Gadget Boutique.
 36258 | Snake:1  | Found Sopp's Food Shop.
 36579 | Snake:1  | Found Jus Muph's Antique Armour Shop.
 36601 | Snake:1  | Found Gijoz's Antique Armour Shoppe.
 37073 | Snake:2  | Reached skill level 15 in Armour
 37898 | Snake:3  | Received a gift from Okawaru
 38179 | Snake:3  | Reached skill level 20 in Fighting
 38353 | Snake:3  | Reached XP level 19. HP: 135/135 MP: 19/19
 38630 | Snake:4  | Entered Level 4 of the Snake Pit
 38642 | Snake:4  | Noticed Louise
 38658 | Snake:4  | Killed Louise
 39756 | Snake:4  | Received a gift from Okawaru
 40145 | Snake:4  | Got a serpentine rune of Zot
 40447 | Elf:1    | Entered Level 1 of the Elven Halls
 40470 | Elf:1    | Found Ikles's General Store.
 40600 | Elf:1    | Found Laysiqi's Weapon Boutique.
 40657 | Elf:1    | Found Wufrannu's Armour Boutique.
 40719 | Elf:1    | Identified Cega's Compendium of Conjuration
 40845 | Elf:1    | Found Izeudyod's Jewellery Shop.
 40938 | Elf:1    | Found Piprour's Food Shop.
 40969 | Elf:1    | Reached XP level 20. HP: 134/142 MP: 20/20
 40978 | Elf:1    | Reached skill level 21 in Fighting
 41132 | Elf:1    | Found a ruined gateway.
 41182 | Desolati | Entered the Desolation of Salt
 41231 | Desolati | Received a gift from Okawaru
 41694 | Elf:2    | Found Poneh's Antique Weapon Shop.
 41783 | Elf:2    | Found a runed gate.
 41783 | Elf:2    | Found a runed gate.
 41783 | Elf:2    | Found a runed gate.
 42600 | Elf:3    | Entered Level 3 of the Elven Halls
 42624 | Elf:3    | Found a flickering gateway to a bazaar.
 42630 | Bazaar   | Entered a bazaar
 42634 | Bazaar   | Found Pusu's Jewellery Boutique.
 42652 | Bazaar   | Found Giuck's Antique Weapon Emporium.
 42669 | Bazaar   | Found Ruthreh's Book Boutique.
 42674 | Bazaar   | Bought a manual of Dodging for 993 gold pieces
 42686 | Bazaar   | Found Fepn's Book Shoppe.
 42752 | Elf:3    | Received a gift from Okawaru
 42756 | Elf:3    | Reached skill level 1 in Dodging
 43157 | Elf:3    | Noticed a Brimstone Fiend
 43408 | Elf:3    | Reached XP level 21. HP: 112/150 MP: 21/21
 43458 | Elf:3    | Noticed Saint Roka
 43481 | Elf:3    | Killed Saint Roka
 43510 | Elf:3    | Received a gift from Okawaru
 43927 | Elf:3    | Reached skill level 22 in Fighting
 44014 | Elf:3    | Identified the +1 mace "Faiwias" {crush, +Blink Int+2
                  | Stlth+} (You took it off a deep elf death mage on level 3
                  | of the Elven Halls)
 44167 | Elf:3    | Identified the cursed +0 mace "Ucrayri" {elec, Str+6 Int+2}
                  | (You found it on level 3 of the Elven Halls)
 44596 | Vaults:1 | Entered Level 1 of the Vaults
 44615 | Vaults:1 | Reached skill level 5 in Dodging
 44935 | Vaults:1 | Found a radiant altar of Vehumet.
 44958 | Vaults:1 | Received a gift from Okawaru
 45452 | Vaults:1 | Found the +2 ratskin cloak {+Rats rPois rN+ Str-1 Int-1
                  | Dex+1}
 45549 | Vaults:1 | Found Bioc's Assorted Antiques.
 45557 | Vaults:1 | Bought a scroll of blinking for 277 gold pieces
 45557 | Vaults:1 | Bought a scroll of teleportation for 111 gold pieces
 45557 | Vaults:1 | Bought a scroll of blinking for 277 gold pieces
 45557 | Vaults:1 | Bought a scroll of identify for 74 gold pieces
 46576 | Vaults:2 | Found a staircase to the Crypt.
 46576 | Vaults:2 | Found an ancient bone altar of Kikubaaqudgha.
 46577 | Vaults:2 | Found a basalt altar of Yredelemnul.
 46662 | Vaults:2 | Received a gift from Okawaru
 46673 | Vaults:2 | Identified the +2 plate armour of Pride {rCorr MP+9 Dex+2}
                  | (Okawaru gifted it to you on level 2 of the Vaults)
 46735 | Vaults:2 | Reached XP level 22. HP: 158/158 MP: 22/22
 46878 | Vaults:3 | Got a coiled turquoise ring
 46880 | Vaults:3 | Identified the ring "Irerphaco" {rElec rF+ rC+ Dex+4} (You
                  | found it on level 3 of the Vaults)
 46939 | Vaults:3 | Cast into level 3 of the Abyss (a deep elf sorcerer)
 46975 | Abyss:3  | Noticed a profane servitor
 47004 | Abyss:3  | Killed a profane servitor
 47855 | Abyss:3  | Received a gift from Okawaru
 47861 | Abyss:3  | Got an abyssal rune of Zot
 47961 | Abyss:3  | Reached skill level 23 in Fighting
 48086 | Vaults:3 | Escaped the Abyss
 48338 | Vaults:3 | Identified the +8 morningstar "String" {protect, MR++ Int+3
                  | Dex+4} (You found it on level 3 of the Vaults)
 48596 | Vaults:3 | Found Qutiyf's General Store.
 48635 | Vaults:3 | Cast into level 2 of the Abyss (a deep elf sorcerer)
 48636 | Abyss:2  | Found a corrupted altar of Lugonu.
 48893 | Abyss:2  | Gained mutation: Scrolls take you a little longer to read.
                  | [a neqoxec]
 48932 | Abyss:2  | Received a gift from Okawaru
 48990 | Vaults:3 | Escaped the Abyss
 49163 | Vaults:3 | Reached XP level 23. HP: 157/165 MP: 23/23
 49302 | Vaults:3 | Noticed Jory
 49317 | Vaults:3 | Killed Jory
 49520 | Vaults:3 | Received a gift from Okawaru
 50768 | Vaults:4 | Noticed Sojobo
 50772 | Vaults:4 | Received a gift from Okawaru
 50793 | Vaults:4 | Killed Sojobo
 50837 | Vaults:4 | Reached skill level 10 in Dodging
 50891 | Vaults:4 | Identified the +1 pair of boots "Luloxzim" {rCorr} (Okawaru
                  | gifted it to you on level 4 of the Vaults)
 51796 | Vaults:5 | Entered Level 5 of the Vaults
 51934 | Vaults:5 | Noticed a golden dragon
 52132 | Vaults:4 | Reached XP level 24. HP: 172/172 MP: 23/23
 52151 | Vaults:5 | Reached skill level 24 in Fighting
 52168 | Vaults:5 | Received a gift from Okawaru
 52486 | Vaults:5 | Found Qywavoh's Antique Armour Shoppe.
 52569 | Vaults:5 | Found Zooqeudi's Antique Armour Emporium.
 52961 | Vaults:5 | Found the +0 Maxwell's etheric cage {RegenMP+ *Contam rElec
                  | MP+4}
 52968 | Vaults:5 | Got a blackened large shield
 52979 | Vaults:5 | Identified the +7 large shield of the Land of Plenty {MR-
                  | Str+3 Dex+7} (You acquired it on level 5 of the Vaults)
 53010 | Vaults:5 | Paralysed by a great orb of eyes for 3 turns
 53052 | Vaults:5 | Received a gift from Okawaru
 53060 | Vaults:5 | Identified the +4 shield "Fukui" {Str+3} (Okawaru gifted it
                  | to you on level 5 of the Vaults)
 53320 | Vaults:5 | Identified the Grimoire of Creative Unholy Rites
 53409 | Vaults:5 | Identified the Guide on Evil Secrets and Transmigration
 53412 | Vaults:5 | Got a silver rune of Zot
 53983 | Depths:1 | Entered Level 1 of the Depths
 53988 | Depths:1 | Found a gateway to a ziggurat.
 54061 | Depths:1 | Reached XP level 25. HP: 180/180 MP: 23/23
 54166 | Depths:1 | Found a one-way gate to the infinite horrors of the Abyss.
 54212 | Depths:1 | Found Fogoliema's Jewellery Shoppe.
 54239 | Depths:1 | Found Ramireg's Assorted Antiques.
 54239 | Depths:1 | Found Tuyk's General Store.
 54290 | Depths:1 | Found a runed door.
 54346 | Depths:1 | Found Puzeawib's Magic Scroll Shoppe.
 54353 | Depths:1 | Bought a scroll of teleportation for 57 gold pieces
 54353 | Depths:1 | Bought a scroll of enchant weapon for 142 gold pieces
 54358 | Depths:1 | Bought a scroll of enchant weapon for 150 gold pieces
 54358 | Depths:1 | Bought a scroll of brand weapon for 400 gold pieces
 54358 | Depths:1 | Bought a scroll of teleportation for 60 gold pieces
 54358 | Depths:1 | Bought a scroll of blinking for 150 gold pieces
 54480 | Depths:1 | Found a gateway to Hell.
 55971 | Depths:2 | Received a gift from Okawaru
 56113 | Depths:2 | Noticed a juggernaut
 56122 | Depths:2 | Killed a juggernaut
 56762 | Depths:2 | Received a gift from Okawaru
 57174 | Depths:3 | Reached XP level 26. HP: 187/187 MP: 23/23
 57273 | Depths:3 | Found a one-way gate leading to the halls of Pandemonium.
 57324 | Depths:3 | Reached skill level 25 in Fighting
 57403 | Depths:3 | Noticed a juggernaut
 57428 | Depths:3 | Killed a juggernaut
 57638 | Depths:3 | Received a gift from Okawaru
 58288 | Depths:4 | Paralysed by something for 7 turns
 58323 | Depths:4 | Paralysed by a sphinx for 4 turns
 58582 | Depths:3 | Paralysed by something for 6 turns
 58914 | Depths:3 | Received a gift from Okawaru
 59604 | Depths:5 | Entered Level 5 of the Depths
 59790 | Depths:5 | Paralysed by a great orb of eyes for 5 turns
 59937 | Depths:5 | Found a gate to the Realm of Zot.
 59986 | Depths:5 | Reached XP level 27. HP: 193/193 MP: 23/23
 60172 | Depths:5 | Found a magical portal.
 60181 | WizLab   | Entered Doroklohe's Tomb
 60399 | WizLab   | Noticed an ancient lich
 60419 | WizLab   | Killed an ancient lich
 61140 | Depths:5 | Received a gift from Okawaru
 61697 | Slime:1  | Entered Level 1 of the Pits of Slime
 61917 | Slime:2  | Gained mutation: You are very clumsy. (Dex -4) [a shining
                  | eye]
 61918 | Slime:2  | Gained mutation: Your magical capacity is low. (-10% MP) [a
                  | shining eye]
 61920 | Slime:2  | Gained mutation: Your mind is acute. (Int +2) [a shining
                  | eye]
 62847 | Slime:3  | Lost mutation: You are very clumsy. (Dex -4) [a shining
                  | eye]
 62900 | Slime:2  | Lost mutation: Your mind is acute. (Int +2) [potion of
                  | mutation]
 62900 | Slime:2  | Lost mutation: You are clumsy. (Dex -2) [potion of
                  | mutation]
 62900 | Slime:2  | Lost mutation: Your magical capacity is low. (-10% MP)
                  | [potion of mutation]
 62900 | Slime:2  | Lost mutation: Scrolls take you a little longer to read.
                  | [potion of mutation]
 62900 | Slime:2  | Gained mutation: Scrolls take you a little longer to read.
                  | [potion of mutation]
 62900 | Slime:2  | Gained mutation: You passively map a small area around you.
                  | [potion of mutation]
 62908 | Slime:3  | Gained mutation: You do not regenerate when monsters are
                  | visible. [a shining eye]
 62910 | Slime:3  | Gained mutation: You are clumsy. (Dex -2) [a shining eye]
 63166 | Slime:4  | Gained mutation: You are robust. (+10% HP) [a shining eye]
 63169 | Slime:4  | Gained mutation: Armour fits poorly on your strangely
                  | shaped body. [a shining eye]
 63174 | Slime:4  | Lost mutation: You expend magic power (3 MP) to strengthen
                  | your wands. [a shining eye]
 63197 | Slime:4  | Lost mutation: Scrolls take you a little longer to read.
                  | [potion of mutation]
 63197 | Slime:4  | Lost mutation: You do not regenerate when monsters are
                  | visible. [potion of mutation]
 63197 | Slime:4  | Lost mutation: You are robust. (+10% HP) [potion of
                  | mutation]
 63197 | Slime:4  | Lost mutation: You are clumsy. (Dex -2) [potion of
                  | mutation]
 63197 | Slime:4  | Gained mutation: You have large cloven feet. [potion of
                  | mutation]
 63239 | Slime:4  | Gained mutation: You are frail. (-10% HP) [a shining eye]
 63252 | Slime:4  | Gained mutation: You are weak. (Str -2) [a shining eye]
 63254 | Slime:4  | Gained mutation: Your spells are a little easier to cast,
                  | but a little less powerful. [a shining eye]
 63267 | Slime:4  | Received a gift from Okawaru
 63294 | Slime:4  | Identified the +1 crystal plate armour "Jiraut" {MR+ Int+5
                  | Dex+3} (Okawaru gifted it to you on level 4 of the Pits of
                  | Slime)
 63295 | Slime:4  | Lost mutation: You are frail. (-10% HP) [potion of
                  | mutation]
 63295 | Slime:4  | Lost mutation: You are weak. (Str -2) [potion of mutation]
 63295 | Slime:4  | Lost mutation: Your spells are a little easier to cast, but
                  | a little less powerful. [potion of mutation]
 63295 | Slime:4  | Gained mutation: Your natural rate of healing is unusually
                  | fast. [potion of mutation]
 63295 | Slime:4  | Gained mutation: Your muscles are strong. (Str +2) [potion
                  | of mutation]
 63295 | Slime:4  | Gained mutation: You are partially covered in icy blue
                  | scales. (AC +2) [potion of mutation]
 63481 | Slime:5  | Entered Level 5 of the Pits of Slime
 63498 | Slime:5  | Reached skill level 26 in Fighting
 63613 | Slime:5  | Noticed the Royal Jelly
 63646 | Slime:5  | Killed the Royal Jelly
 64051 | Slime:5  | Gained mutation: You are clumsy. (Dex -2) [a shining eye]
 64078 | Slime:5  | Got a slimy rune of Zot
 64230 | Slime:5  | Identified the cursed +0 helmet of the Gate {*Slow rPois
                  | Int+8} (You found it on level 5 of the Pits of Slime)
 64263 | Slime:5  | Paralysed by a floating eye for 3 turns
 64733 | D:11     | Found a transporter.
 64747 | D:11     | Killed shamaniam's ghost
 65066 | Zot:1    | Entered Level 1 of the Realm of Zot
 65475 | Zot:1    | Received a gift from Okawaru
 65812 | Zot:1    | Received a gift from Okawaru
 66130 | Zot:2    | Received a gift from Okawaru
 66138 | Zot:2    | Identified the +2 chain mail of Affuakyun {rPois rF+ Int-3}
                  | (Okawaru gifted it to you on level 2 of the Realm of Zot)
 66878 | Zot:2    | Found a runed door.
 66878 | Zot:2    | Noticed Pyllapis's ghost (legendary DEFE)
 67106 | Zot:3    | Reached skill level 27 in Fighting
 67190 | Zot:3    | You are sucked into a shaft!
 67248 | Zot:4    | Received a gift from Okawaru
 67878 | Zot:5    | Entered Level 5 of the Realm of Zot
 67968 | Zot:5    | Noticed an orb of fire
 67970 | Zot:5    | Lost mutation: You are clumsy. (Dex -2) [an orb of fire]
 67980 | Zot:5    | Gained mutation: You are frail. (-10% HP) [an orb of fire]
 67987 | Zot:5    | Killed an orb of fire
 68290 | Zot:5    | Noticed an ancient lich
 68292 | Zot:5    | Cast into level 5 of the Abyss (an ancient lich)
 68292 | Abyss:5  | Entered Level 5 of the Abyss
 68314 | Zot:5    | Escaped the Abyss
 68320 | Zot:5    | Killed an ancient lich
 68323 | Zot:5    | Noticed an ancient lich
 68328 | Zot:5    | Received a gift from Okawaru
 68335 | Zot:5    | Killed an ancient lich
 68345 | Zot:5    | Noticed an orb of fire
 68346 | Zot:5    | Noticed an ancient lich
 68346 | Zot:5    | Noticed an orb of fire
 68346 | Zot:5    | Noticed an orb of fire
 68347 | Zot:5    | Noticed an orb of fire
 68357 | Zot:5    | Gained mutation: Scrolls take you a little longer to read.
                  | [an orb of fire]
 68359 | Zot:5    | Gained mutation: Your spells are a little easier to cast,
                  | but a little less powerful. [an orb of fire]
 68361 | Zot:5    | Gained mutation: Scrolls take you longer to read. [an orb
                  | of fire]
 68392 | Zot:5    | Noticed an orb of fire
 68396 | Zot:5    | Noticed an ancient lich
 68400 | Zot:5    | Gained mutation: Your magical capacity is low. (-10% MP)
                  | [an orb of fire]
 68401 | Zot:5    | Killed an orb of fire
 68409 | Zot:5    | Killed an ancient lich
 68418 | Zot:5    | Noticed an ancient lich
 68428 | Zot:5    | HP: 1/179 [purple draconian/halberd (17)]
 68429 | Zot:5    | Slain by a moth of wrath

Skill      XL: |  1  2  3  4  5  6  7  8  9 10 11 12 13 14 15 16 17 18 19 20 21 22 23 24 25 26 27 |
---------------+----------------------------------------------------------------------------------+-----
Shields        | 4 5 6 7 8 9 10 11 12 13 14 15 16 17 18 19 20 21 24 | 24.7
Maces & Flails | 3 4 5 6 7 9 11 12 13 14 15 16 17 18 19 20 21 22 23 24 | 24.7
Armour         | 4 5 6 7 8 9 10 11 12 13 14 15 16 17 18 19 20 21 23 | 23.4
Fighting       | 4 5 7 8 10 11 13 14 15 16 18 19 20 21 22 23 24 25 27 | 27.0
Dodging        | 3 6 8 10 11 13 | 13.6
Stealth        | |  0.1

Action                   |  1- 3 |  4- 6 |  7- 9 | 10-12 | 13-15 | 16-18 | 19-21 | 22-24 | 25-27 || total
-------------------------+-------+-------+-------+-------+-------+-------+-------+-------+-------++-------
Melee: Flail             |   125 |   250 |   407 |  1068 |  2569 |   783 |       |       |       ||  5202
       Demon whip        |       |       |       |       |       |  1484 |  1851 |  2222 |  3335 ||  8892
Invok: Finesse           |       |       |       |       |       |     1 |       |       |       ||     1
       Heroism           |       |       |       |       |       |       |       |       |     1 ||     1
 Abil: Fly               |       |       |       |       |     1 |       |       |       |       ||     1
Evoke: Wand              |       |       |       |       |     2 |     6 |       |       |       ||     8
  Use: Scroll            |     4 |     6 |     5 |    13 |    14 |    19 |    17 |    12 |    12 ||   102
       Potion            |       |     7 |     2 |     6 |     2 |     2 |       |       |     7 ||    26
 Stab: Petrified         |       |       |       |       |    13 |       |       |       |       ||    13
       Confused          |       |       |       |       |       |       |       |       |     4 ||     4
  Eat: Chunk             |     1 |     7 |     9 |    21 |    46 |    26 |    26 |    25 |    28 ||   189
       Ration            |       |       |     1 |       |     1 |     5 |     1 |       |     6 ||    14
Armor: Scale mail        |    75 |   116 |   160 |       |       |       |       |       |       ||   351
       Chain mail        |       |       |    86 |   740 |  1461 |  1119 |   817 |   449 |       ||  4672
       Gold dragon scale |       |       |       |       |       |       |       |   116 |  1421 ||  1537
Dodge: Dodged            |    50 |    68 |   131 |   388 |   779 |   665 |   334 |   338 |  1019 ||  3772
Block: Shield            |    95 |   148 |   341 |   883 |  1958 |  1676 |       |       |       ||  5101
       Large shield      |       |       |       |       |       |    10 |  2032 |  1823 |  3615 ||  7480
